 Dungeon Crawl Stone Soup version 0.26.1-2-gb8aa6d0cf2 (webtiles) character file.

Game seed: 8237531003233051513

2822 nightchill the Basher (level 9, -4/60 HPs)
             Began as a Gargoyle Fighter on Mar 4, 2021.
             Was an Initiate of Gozag.
             Slain by an orc knight
             ... wielding a +0 war axe
              (15 damage)
             ... in a bailey.
             The game lasted 00:16:47 (7577 turns).

nightchill the Basher (Gargoyle Fighter)            Turns: 7577, Time: 00:16:47

Health: -4/60      AC: 14    Str: 21    XL:     9   Next: 73%
Magic:  9/9        EV: 10    Int: 11    God:    Gozag
Gold:   480        SH:  0    Dex:  9    Spells: 8/8 levels left

rFire    . . .     SeeInvis .   C - +0 lajatang (spect)
rCold    . . .     Faith    .   (shield currently unavailable)
rNeg     + . .     Spirit   .   A - +0 acid dragon scales
rPois    ∞         Reflect  .   (no helmet)
rElec    +         Harm     .   v - +0 cloak
rCorr    +         Rampage  .   (no gloves)
Will     .....                  (no boots)
Stlth    +.........             (no amulet)
HPRegen  0.20/turn              (no ring)
MPRegen  0.11/turn              (no ring)

@: mighty
A: negative energy resistance 1, electricity resistance, unbreathing,
petrification resistance, miasma immunity, AC +6
a: Renounce Religion, Potion Petition, Call Merchant, Bribe Branch


You were in a bailey.
You worshipped Gozag.
Gozag was aware of your devotion.
You visited 1 branch of the dungeon, and saw 8 of its levels.
You also visited: Bailey.

You collected 937 gold pieces.
You spent 378 gold pieces at shops.
You paid 79 gold pieces to Gozag.

Inventory:

Hand Weapons
 a - a +1 flail
 k - a +2 dagger of venom
 C - a +0 spectral lajatang (weapon)
Missiles
 e - 204 stones
 g - 35 sling bullets
 h - 58 poisoned darts
 q - 38 boomerangs (quivered)
 y - 8 atropa-tipped darts
Armour
 b - a +0 scale mail
 c - a +0 kite shield
 f - a +0 ring mail
 v - a +0 cloak (worn)
 A - +0 acid dragon scales (worn)
Wands
 F - a wand of paralysis (6)
Scrolls
 j - 2 scrolls of enchant weapon
 m - 2 scrolls of fear {unknown}
 o - a scroll of blinking
 w - 2 scrolls of teleportation {unknown}
 x - a scroll of magic mapping
 G - 2 scrolls of identify
Potions
 d - a potion of might
 i - 4 potions of heal wounds
 l - 3 potions of curing {unknown}
 n - 3 potions of flight
 p - a potion of ambrosia
 r - 2 potions of haste
 s - a potion of mutation {unknown}
 t - 3 potions of degeneration {unknown}
 u - 2 potions of lignification {unknown}
 z - a potion of brilliance {unknown}
 B - a potion of cancellation {unknown}
 D - a potion of attraction {unknown}
 E - a potion of invisibility {unknown}
 H - a potion of magic {unknown}
 I - a potion of resistance {unknown}


   Skills:
 + Level 8.9 Fighting
 - Level 9.7(10.2) Maces & Flails
 * Level 4.5(7.7) Staves
 - Level 3.2 Armour
 - Level 3.2 Shields


You had 8 spell levels left.
You didn't know any spells.
Your spell library contained the following spells:

 Spells                   Type           Power        Failure   Level
 Summon Small Mammal      Summ           0%           41%         1
 Call Imp                 Summ           0%           56%         2
 Call Canine Familiar     Summ           0%           80%         3
 Summon Guardian Golem    Hex/Summ       0%           80%         3
 Summon Ice Beast         Ice/Summ       0%           99%         4
 Summon Lightning Spire   Summ/Air       0%           99%         4


Dungeon Overview and Level Annotations

Branches:
Dungeon (8/15)             Temple (0/1) D:7          Bailey (1/1)
   Lair: D:8-11

Altars:
Ashenzari
Dithmenos
Gozag
Hepliaklqana
Kikubaaqudgha
Makhleb
Sif Muna
Wu Jian
Zin

Shops:
D:5 }   D:7 (

Annotations:
D:6 1 runed translucent door, exclusion: door, Crazy Yiuf Bailey 3 runed translucent doors


Innate Abilities, Weirdness & Mutations

You are resistant to torment.
Your stone body is resilient. (AC +6)
You are immune to poison.
You resist negative energy. (rN+)
You are resistant to electric shocks. (rElec)
You can survive without breathing.
You are immune to petrification.
You are immune to miasma.


Message History

The orc knight is almost dead.
The orc knight hits you with a +0 war axe!
* * * LOW HITPOINT WARNING * * *
The goblin hits you but does no damage. The orc hits you but does no damage.
You feel much better.
The orc knight hits you with a +0 war axe!
* * * LOW HITPOINT WARNING * * *
The goblin closely misses you. The orc hits you with a +0 hand axe.
* * * LOW HITPOINT WARNING * * *
You barely miss the orc knight.
The orc knight is almost dead.
The orc knight hits you with a +0 war axe.
* * * LOW HITPOINT WARNING * * *
The goblin hits you but does no damage.
You closely miss the orc knight.
The orc knight is almost dead.
The orc closely misses you.
The orc knight hits you with a +0 war axe!
You die...
Your body crumbles into a pile of gold.

.##.$.$.$.#
..##≈≈≈≈≈##.......##
...#≈≈≈≈≈#...8..8..##
...#≈≈≈≈≈#.........!#
...'.....'..........#
.######### .....8...#
##≈≈ ####......# #≈).
#≈≈#..oog# #o!.
..≈#...@# ##8.8
.8≈##...# .#...
..≈o+...# .#....
..≈o+...# .#o...
..≈≈+...# ##8.8.
.8≈##...# #≈!...
..≈#....## #≈|..
#≈≈#.....## ##≈≈
####......##


You could see an orc warlord, an orc knight, 2 orcs and a goblin.

Vanquished Creatures
  Joseph (D:7)
  Maggie (D:6)
  Eustachio (D:6)
  2 orc warriors
  An ice beast (D:5)
  A hornet zombie (D:7)
  A sky beast (D:5)
  3 phantoms
  A centaur (D:7)
  An ogre (D:5)
  A bullfrog (D:6)
  4 scorpions
  3 wights (D:7)
  5 hounds
  A jelly (D:6)
  4 orc wizards
  An orc priest (D:5)
  Jessica (D:2)
  7 worker ants
  A hound zombie (D:5)
  A hound skeleton (D:4)
  A worker ant zombie (D:5)
  A howler monkey zombie (D:5)
  A howler monkey skeleton (D:6)
  11 adders
  A white imp (D:7)
  2 ufetubi
  An ooze (D:4)
  2 adder zombies
  2 adder skeletons (D:4)
  A worm (D:2)
  5 dart slugs
  2 leopard geckos
  13 orcs
  9 giant cockroaches
  9 goblins
  7 hobgoblins
  21 jackals
  2 quokkas
  A ball python (D:4)
  4 bats
  3 frilled lizards
  16 kobolds
  2 quokka zombies
  6 rats
165 creatures vanquished.

Vanquished Creatures (others)
  5 toadstools (D:1)
5 creatures vanquished.

Grand Total: 170 creatures vanquished

Notes
Turn   | Place    | Note
-------+----------+-------------------------------------------
     0 | D:1      | nightchill the Gargoyle Fighter began the quest for the
                  | Orb.
     0 | D:1      | Reached XP level 1. HP: 14/14 MP: 1/1
   129 | D:1      | Reached XP level 2. HP: 19/19 MP: 2/2
   408 | D:1      | Reached skill level 3 in Maces & Flails
   429 | D:1      | Reached XP level 3. HP: 23/24 MP: 3/3
  1269 | D:2      | Noticed Jessica
  1274 | D:2      | Killed Jessica
  1275 | D:2      | Reached XP level 4. HP: 28/29 MP: 4/4
  1346 | D:2      | Found a broken altar of Ashenzari.
  1611 | D:2      | Reached skill level 4 in Maces & Flails
  1962 | D:3      | Found an ancient bone altar of Kikubaaqudgha.
  1964 | D:3      | Found a burning altar of Makhleb.
  2056 | D:3      | Reached XP level 5. HP: 31/34 MP: 5/5
  2117 | D:3      | Noticed a phantom
  2174 | D:3      | Killed a phantom
  2175 | D:3      | Reached skill level 5 in Maces & Flails
  2537 | D:4      | Reached XP level 6. HP: 40/40 MP: 6/6
  2649 | D:4      | Noticed a phantom
  2704 | D:4      | Killed a phantom
  2705 | D:4      | Reached skill level 5 in Fighting
  2912 | D:4      | Reached skill level 6 in Maces & Flails
  2912 | D:4      | Reached XP level 7. HP: 25/44 MP: 7/7
  3058 | D:4      | Found a shadowy altar of Dithmenos.
  3312 | D:5      | Entered Level 5 of the Dungeon
  3325 | D:5      | Found Bocwocuc's Gadget Shoppe.
  3553 | D:5      | Found an opulent altar of Gozag.
  3577 | D:5      | Became a worshipper of Gozag Ym Sagoz the Greedy
  3883 | D:5      | Found an ornate altar of the Wu Jian Council.
  3887 | D:5      | Found a hazy altar of Hepliaklqana.
  3887 | D:5      | Found a shimmering blue altar of Sif Muna.
  4100 | D:5      | Reached skill level 7 in Maces & Flails
  4218 | D:5      | Reached XP level 8. HP: 38/52 MP: 8/8
  5192 | D:6      | Reached skill level 8 in Maces & Flails
  5245 | D:6      | Found a glowing silver altar of Zin.
  5245 | D:6      | Found an opulent altar of Gozag.
  5309 | D:6      | Noticed Eustachio
  5353 | D:6      | Killed Eustachio
  5475 | D:6      | Noticed Maggie
  5512 | D:6      | Killed Maggie
  5513 | D:6      | Reached skill level 9 in Maces & Flails
  5716 | D:6      | Reached XP level 9. HP: 45/59 MP: 9/9
  6181 | D:6      | Found a runed translucent door.
  6182 | D:6      | Noticed Crazy Yiuf
  6465 | D:7      | Found Jetaonk's Antique Weapon Shop.
  6470 | D:7      | Bought a runed lajatang for 378 gold pieces
  6498 | D:7      | Reached skill level 1 in Staves
  6585 | D:7      | Found a staircase to the Ecumenical Temple.
  6795 | D:7      | Noticed Joseph
  6799 | D:7      | Killed Joseph
  7301 | D:8      | Found a flagged portal.
  7344 | Bailey   | Entered a bailey
  7349 | Bailey   | Noticed an orc warlord
  7551 | Bailey   | Found a runed translucent gate.
  7553 | Bailey   | Found a runed translucent gate.
  7554 | Bailey   | Found a runed translucent gate.
  7561 | Bailey   | Noticed an orc knight
  7577 | Bailey   | Slain by an orc knight

Illustrated notes

Levels and vault maps discovered:
D:1:      ldierk_walled_garden, layout_basic
D:2:      layout_basic, lemuel_doored_altar, uniq_jessica
D:3:      layout_loops_ring, grunt_temple_overflow_open, kennysheep_cross_room,
          amcnicky_mini_corridor_feature
D:4:      layout_rooms, nicolae_dithmenos_shadow_blocks, dk_vineyard_1
D:5:      layout_layer_cave, minitemple, serial_shops, shop_statue,
          nicolae_gozag_cash_rules_everything_around_me
D:6:      layout_cave_pools, grunt_temple_overflow_gold_and_silver,
          uniq_eustachio, uniq_maggie, uniq_crazy_yiuf_cottage
D:7:      cheibrodos_quashed, layout_basic, minmay_temple_entry_mini_moons,
          serial_shops, kennysheep_little_box, uniq_joseph
D:8:      layout_basic, enter_bailey_1, minmay_chambers_of_fives, uniq_erica
Bailey:   bailey_axe_bossmonster_kennysheep, bailey

Skill      XL: |  1  2  3  4  5  6  7  8  9 |
---------------+----------------------------+-----
Maces & Flails | 3 4 5 6 7 9 |  9.7
Fighting       | 4 5 6 7 8 |  8.9
Staves         | 4 |  4.5
Armour         | |  3.2
Shields        | |  3.2

Action                   |  1- 3 |  4- 6 |  7- 9 || total
-------------------------+-------+-------+-------++-------
Melee: Flail             |   111 |   202 |   297 ||   610
       Lajatang          |       |       |   121 ||   121
Throw: Boomerang         |       |       |    13 ||    13
  Use: Scroll            |       |       |    10 ||    10
       Potion            |       |       |     2 ||     2
 Stab: Distracted        |       |       |     1 ||     1
Armor: Scale mail        |    58 |   114 |   187 ||   359
       Acid dragon scale |       |       |   127 ||   127
Dodge: Dodged            |    33 |    72 |   232 ||   337
Block: Kite shield       |    52 |   103 |   176 ||   331
